AoeStats
← Ken

Fortress

508211198Analyzed
4v4 RM · 11d ago on Sep 21, 2026· 34m 51s· 8 players
Game mode
Random Map
Map size
Huge
Population
200
Speed
Normal
Resources
Standard
Victory
Conquest
Starting age
Dark Age
Ending age
Imperial Age
RankedLock teamsTeams togetherTeam positionsShared explorationLock speedFull tech treeHidden civsTurbo modeCheats
Victory
Defeat
🇹🇼 Khmer · Taiwan
1144
+14
🇨🇳 Mongols · China
1136
+15
🇯🇵 Italians · Japan
1104
+16
🇨🇳 Franks · China
1070
+17
🇸🇪 Mongols · Sweden
1206
-19
🇨🇳 Spanish · China
1201
-20
🇹🇼 Khmer · Taiwan
1017
-12
🇪🇸 Huns · Spain
1002
-11
Fkhlst
2:43 Loom
7:53 Feudal Age
12:07 Castle Age
10:13 Stone Mining
20:40 Double-Bit Axe
23:54 Gold Mining
26:51 Husbandry
27:34 Wheelbarrow
27:58 Forging
31:39 Scale Barding Armor
31:23 Town Watch
33:22 Hand Cart
35:47 Chain Barding Armor
36:03 Iron Casting
Ken
7:27 Feudal Age
5:57 Loom
12:50 Castle Age
11:34 Double-Bit Axe
12:25 Stone Mining
13:46 Husbandry
14:51 Gold Mining
19:01 Wheelbarrow
19:54 Bow Saw
29:41 Imperial Age
28:33 Scale Barding Armor
28:39 Forging
30:59 Conscription
32:11 Cavalier
33:46 Spies/Treason
play for fun
4:01 Loom
6:34 Feudal Age
10:22 Castle Age
9:06 Double-Bit Axe
9:36 Horse Collar
12:44 Fletching
18:22 Wheelbarrow
17:41 Town Watch
23:27 Imperial Age
22:32 Gold Mining
23:30 Spies/Treason
crazyeyee
6:38 Feudal Age
5:59 Loom
7:15 Double-Bit Axe
9:17 Horse Collar
11:30 Wheelbarrow
11:24 Forging
13:01 Bloodlines
14:42 Scale Barding Armor
19:35 Castle Age
20:17 Gold Mining
20:41 Bow Saw
19:58 Light Cavalry
21:17 Iron Casting
21:03 Chain Barding Armor
20:53 Husbandry
23:44 Hand Cart
29:58 Imperial Age
30:18 Cavalier
31:36 Plate Barding Armor
33:47 Conscription
[RbF] Stickly
kirlito
Hank饅頭
8:50 Feudal Age
9:18 Horse Collar
12:40 Castle Age
13:26 Loom
我很牛逼
Connection lost

Rejoining the realm…

Still unreachable

The connection could not be restored.

Session expired

The server has moved on; the page needs a fresh start.